 Dungeon Crawl Stone Soup version 0.31-a0-853-gc9b61b78f7 (webtiles) character file.

Game seed: 12515930434501161144

107 LucemDeus the Changeling (level 5, -4/38 HPs)
             Began as a Formicid Shapeshifter on Oct 8, 2023.
             Slain by Grinder (5 damage)
             ... on level 4 of the Dungeon.
             The game lasted 00:04:32 (2586 turns).

LucemDeus the Changeling (Formicid Shapeshifter)    Turns: 2586, Time: 00:04:32

Health: -4/38      AC:  3    Str: 17    XL:     5   Next: 10%
Magic:  5/5        EV: 11    Int:  9    God:
Gold:   216        SH: 10    Dex: 23    Spells: 4/4 levels left

rFire   . .          .
                       - Unarmed
rCold   . . .        e - +1 kite shield
rNeg    . . .        j - +0 leather armour
rPois   .            (helmet unavailable)
rElec   .            (cloak currently unavailable)
rCorr   .            (gloves currently unavailable)
SInv    +            (boots currently unavailable)
Will    .....        (no amulet)
Stlth   ++           m - +6 ring of dexterity
HPRegen 0.26/turn    (no ring)
MPRegen 0.09/turn

%: no passive effects
@: beast-form
A: beast (slay +2), permanent stasis, dig shafts and tunnels, antennae 3, four
strong arms, agile 1, weak 1, wild magic 1
a: Dig, Shaft Self, Begin Untransformation


You were on level 4 of the Dungeon.
You were a hulking beast.
You visited 1 branch of the dungeon, and saw 4 of its levels.

You collected 216 gold pieces.

Inventory:

Armour
 a - a +0 animal skin
 e - a +1 kite shield (worn)
 j - a +0 leather armour (worn)
Jewellery
 m - a +6 ring of dexterity (left hand)
Talismans
 c - a beast talisman (active)
 d - a flux talisman
Potions
 b - 4 potions of lignification
 f - a potion of might
 h - a potion of degeneration {unknown}
 i - a potion of ambrosia {unknown}
 l - a potion of attraction


   Skills:
 + Level 2.1 Fighting
 * Level 2.7 Dodging
 * Level 3.8 Unarmed Combat
 * Level 4.0 Shapeshifting


You had 4 spell levels left.
You didn't know any spells.
Your spell library contained the following spells:

 Spells                   Type           Power      Damage    Failure   Level
 Necrotise                Necr           0%         1d4       89%         1
 Vampiric Draining        Necr           0%         2d6       99%         3
 Agony                    Necr           0%         N/A       100%        5


Dungeon Overview and Level Annotations

Branches:
Dungeon (4/15)
 Temple: D:4-7

Altars:

Shops:
D:1 *

Annotations:
D:4 Grinder


Innate Abilities, Weirdness & Mutations

You are a hulking beast.
Your limbs bulge with bestial killing power. (Slay +2)
You cannot be hasted, slowed, berserked, paralysed or teleported.
You can dig through walls and to a lower floor.
You have a pair of large antennae on your head. (SInv)
Your four strong arms can wield two-handed weapons with a shield.
You are agile. (Dex +4, Str/Int -1)
You are weak. (Str -2)
Your spells are a little harder to cast, but a little more powerful.


Message History

It was a scroll of fog.
You start waiting.
Done waiting.
There is a stone staircase leading down here.
You climb downwards.
Grinder shouts!
Found a stone staircase leading up.
There is a stone staircase leading up here.
Grinder is nearby!
Found a potion of heal wounds.
Grinder barely misses you.
You hit Grinder but do no damage.
Grinder says, "Tell me all your secrets, or I'll kill you."
You block Grinder's attack.
You punch Grinder!
Grinder is lightly wounded.
Grinder closely misses you.
You barely miss Grinder.
Grinder is lightly wounded.
Grinder hits you!
You writhe in agony.
You hit Grinder.
Grinder is moderately wounded.
Grinder blinks!
Grinder gestures at you. Pain shoots through your body!
You are too injured to fight recklessly!
You are too injured to fight recklessly!
Grinder gestures at you. Pain shoots through your body!
Grinder gestures at you. You resist with significant effort. Grinder hits you!
* * * LOW HITPOINT WARNING * * *
You writhe in agony.
* * * LOW HITPOINT WARNING * * *
It was a potion of mutation.
You feel extremely strange.
You feel weaker.
You feel less in control of your magic.
You feel agile. Grinder hits you.
You die...
Grinder says, "Now the real fun starts!"

.. #.. #.. #.# ..
#.# .####.
#.##......
#########........#
#.......#........#
#.....<.5.........
#......h#.........
#.................
#.......<...!.#...
#.......#.##### .
#.......#.#
#.......#.#
#.......#.#
########..# .##


You could see Grinder.

Vanquished Creatures
  An orc wizard (D:3)
  2 adders (D:2)
  A worm (D:3)
  3 dart slugs
  3 orcs (D:3)
  7 ball pythons
  An endoplasm (D:1)
  4 giant cockroaches
  2 goblins
  4 hobgoblins
  6 kobolds
  3 quokkas
  7 bats
  A frilled lizard (D:3)
  9 rats
54 creatures vanquished.

Notes
Turn   | Place    | Note
-------+----------+-------------------------------------------
     0 | D:1      | LucemDeus the Formicid Shapeshifter began the quest for the
                  | Orb.
     0 | D:1      | Reached XP level 1. HP: 15/15 MP: 1/1
    19 | D:1      | Found Uxovixke's General Store.
   160 | D:1      | Reached XP level 2. HP: 21/21 MP: 2/2
   614 | D:1      | Reached XP level 3. HP: 26/26 MP: 3/3
  1334 | D:2      | Reached XP level 4. HP: 33/33 MP: 4/4
  2098 | D:3      | Reached skill level 4 in Shapeshifting
  2098 | D:3      | Reached XP level 5. HP: 38/38 MP: 5/5
  2568 | D:4      | Noticed Grinder
  2585 | D:4      | HP: 1/38 [Grinder (6)]
  2586 | D:4      | Gained mutation: You are weak. (Str -2) [potion of
                  | mutation]
  2586 | D:4      | Gained mutation: Your spells are a little harder to cast,
                  | but a little more powerful. [potion of mutation]
  2586 | D:4      | Gained mutation: You are agile. (Dex +4, Str/Int -1)
                  | [potion of mutation]
  2586 | D:4      | Slain by Grinder

Illustrated notes

Levels and vault maps discovered:
D:1:      dpeg_arrival_prison, layout_loops_corners, serial_shops, shop,
          serial_bayou_pond_b
D:2:      layout_loops_cross
D:3:      layout_basic, corexii_shack
D:4:      layout_rooms, minmay_bisected, uniq_grinder

Skill      XL: |  1  2  3  4 |
---------------+-------------+-----
Dodging        | 2 |  2.7
Fighting       | 2 |  2.1
Shapeshifting  | 4 |  4.0
Unarmed Combat | |  3.8

Action                     |  1- 3 |  4- 6 || total
---------------------------+-------+-------++-------
  Melee: Unarmed           |    79 |    78 ||   157
    Use: Scroll            |       |    13 ||    13
         Potion            |       |     4 ||     4
   Stab: Sleeping          |     1 |       ||     1
         Distracted        |       |     1 ||     1
 Armour: Animal skin       |    14 |       ||    14
         Leather armour    |     8 |    35 ||    43
  Dodge: Dodged            |    39 |    39 ||    78
  Block: Kite shield       |    29 |    49 ||    78

Table legend: (Time is in decaauts)
 A = Elapsed time spent in this place.
 B = Non-inter-level travel time spent in this place.
 C = Inter-level travel time spent in this place.
 D = Time resting spent in this place.
 E = Time spent auto-exploring this place.
 F = Levels seen in this place.
 G = Mean time per level.
                   A        B        C        D        E       F      G
               +--------+--------+--------+--------+--------+-----+--------+
         Total |   2606 |   2529 |     77 |    384 |   1652 |   4 |  651.5 |
       Dungeon |   2606 |   2529 |     77 |    384 |   1652 |   4 |  651.5 |
               +--------+--------+--------+--------+--------+-----+--------+

Top non-repeatable levels by time:
     D:1: 1036 daAuts
     D:2: 968 daAuts
     D:3: 584 daAuts
     D:4: 18 daAuts
